 Dungeon Crawl Stone Soup version 0.28.0-53-g5a82cb258f (webtiles) character file.

Game seed: 3739764423348879137

9114 enile the Fighter (level 11, -1/80 HPs)
             Began as an Octopode Fire Elementalist on May 26, 2022.
             Was a Believer of Ashenzari.
             Slain by an eight-headed hydra (17 damage)
             ... on level 1 of the Lair of Beasts.
             The game lasted 00:27:08 (13701 turns).

enile the Fighter (Octopode Fire Elementalist)     Turns: 13701, Time: 00:27:09

Health: -1/80      AC:  3    Str: 15    XL:     11   Next: 41%
Magic:  17/24      EV: 16    Int: 31    God:    Ashenzari [**....]
Gold:   323        SH:  0    Dex: 14    Spells: 8/28 levels left

rFire   + . .      SeeInvis +   a - +0 dagger "Share My Morality" {Elem, Self} (curse)
rCold   . . .      Faith    .   (no shield)
rNeg    . . .      Spirit   .   s - +2 hat of the Eternal Apathy {Alch, Elem} (curse)
rPois   .          Reflect  .   (no amulet)
rElec   .          Harm     .   i - ring of Supernal Knowledge {Int+6, Range, Cun} (curse)
rCorr   +          Rampage  .   x - ring "I Knew You'd Do That" {rF+ rCorr Int+6, Cun, Bglg} (curse)
Will    .....                   F - ring of Ashenzari's Planets {Str+6, Comp, Bglg} (curse)
Stlth   ++++......              (no ring)
HPRegen 0.23/turn               (no ring)
MPRegen 0.19/turn               (no ring)
                                (no ring)
                                (no ring)

@: no status effects
A: almost no armour, amphibious, 8 rings, camouflage 1, gelatinous body 1,
(nimble swimmer 1), tentacles
a: Renounce Religion, Shatter the Chains


You were on level 1 of the Lair of Beasts.
You worshipped Ashenzari.
Ashenzari was pleased with you.
You visited 2 branches of the dungeon, and saw 10 of its levels.
You also visited: Sewer.

You collected 383 gold pieces.
You spent 60 gold pieces at shops.

Inventory:

Hand Weapons
 a - the cursed +0 dagger "Share My Morality" (weapon) {Elem, Self}
   (You took it off a goblin on level 1 of the Dungeon)

   It has a curse which improves the following skills: Elements: Fire Magic, Ice
   Magic, Air Magic and Earth Magic.
   Introspection: Fighting and Spellcasting.
 d - a +4 antimagic whip
 e - a +0 quarterstaff
 k - a +4 morningstar of flaming
 z - a +4 short sword
 C - a +5 whip
Missiles
 G - a throwing net
Armour
 s - the cursed +2 hat of the Eternal Apathy (worn) {Alch, Elem}
   (You found it on level 4 of the Dungeon)

   It has a curse which improves the following skills: Alchemy: Poison Magic and
   Transmutations.
   Elements:  Fire Magic, Ice Magic, Air Magic and Earth Magic.
Jewellery
 i - the cursed ring of Supernal Knowledge (left tentacle) {Int+6, Range, Cun}
   (You found it on level 3 of the Dungeon)

   [ring of intelligence]

   Int:       It affects your intelligence (+6).
   It has a curse which improves the following skills: Ranged Combat: Slings,
   Bows, Crossbows and Throwing.
   Cunning:   Dodging and Stealth.
 x - the cursed ring "I Knew You'd Do That" (right tentacle) {rF+ rCorr Int+6, Cun, Bglg}
   (You found it on level 6 of the Dungeon)

   [ring of intelligence]

   Int:       It affects your intelligence (+6).
   rF:        It protects you from fire.
   rCorr:     It protects you from acid and corrosion.
   It has a curse which improves the following skills: Cunning: Dodging and
   Stealth.
   Beguiling: Conjurations, Hexes and Translocations.
 F - the cursed ring of Ashenzari's Planets (on tentacle) {Str+6, Comp, Bglg}
   (You found it on level 6 of the Dungeon)

   [ring of strength]

   Str:       It affects your strength (+6).
   It has a curse which improves the following skills: Companions: Summonings
   and Necromancy.
   Beguiling: Conjurations, Hexes and Translocations.
Wands
 p - a wand of digging (6)
 r - a wand of flame (14)
 y - a wand of acid (8)
 D - a wand of mindburst (9)
Scrolls
 b - a scroll of noise
 c - a scroll of holy word
 f - a scroll of torment
 h - 2 scrolls of magic mapping
 j - a scroll of fog
 q - a scroll of enchant weapon
 t - 4 scrolls of amnesia
 v - a scroll of vulnerability
 w - a scroll of enchant armour
 A - 2 scrolls of blinking
 B - a scroll of immolation
Potions
 g - 2 potions of flight
 l - a potion of invisibility
 m - 4 potions of haste
 n - a potion of resistance
 o - 2 potions of mutation
 u - a potion of lignification
 E - 2 potions of berserk rage
 H - 2 potions of curing
 I - a potion of heal wounds


   Skills:
 - Level 8.2(9.5) Fighting
 - Level 6.3(8.2) Dodging
 - Level 4.3(6.1) Stealth
 + Level 3.2 Unarmed Combat
 - Level 7.7(9.0) Spellcasting
 - Level 1.0(2.1) Conjurations
 - Level 5.8(7.0) Summonings
 - Level 7.8(9.1) Transmutations
 - Level 5.6(7.5) Fire Magic


You had 8 spell levels left.
You knew the following spells:

 Your Spells              Type           Power      Damage    Failure   Level
a - Foxfire               Conj/Fire      100%       2x1d9     1%          1
b - Scorch                Fire           100%       2d10      1%          2
c - Inner Flame           Hex/Fire       38%        N/A       2%          3
d - Call Canine Familiar  Summ           55%        N/A       1%          3
e - Statue Form           Tmut/Erth      28%        N/A       63%         6
f - Summon Forest         Summ/Tloc      18%        N/A       22%         5

Your spell library contained the following spells:

 Spells                   Type           Power      Damage    Failure   Level
 Summon Small Mammal      Summ           100%       N/A       1%          1
 Passwall                 Tmut/Erth      35%        N/A       1%          2
 Conjure Flame            Conj/Fire      44%        6-21      1%          3
 Animate Skeleton         Necr           28%        N/A       3%          1
 Apportation              Tloc           30%        N/A       3%          1
 Ensorcelled Hibernation  Hex/Ice        30%        N/A       4%          2
 Flame Wave               Conj/Fire      44%        2d10      4%          4
 Ice Form                 Ice/Tmut       42%        N/A       5%          4
 Portal Projectile        Hex/Tloc       30%        N/A       10%         3
 Swiftness                Air            15%        N/A       10%         3
 Hailstorm                Conj/Ice       21%        3d6       22%         4
 Leda's Liquefaction      Hex/Erth       7%         N/A       32%         4
 Eringya's Noxious Bog    Tmut/Pois      21%        N/A       63%         6
 Lee's Rapid Deconstruct  Erth           7%         3d8*      67%         5
 Summon Hydra             Summ           27%        N/A       86%         7
 Simulacrum               Ice/Necr       7%         N/A       99%         6


Dungeon Overview and Level Annotations

Branches:
Dungeon (9/15)             Temple (0/1) D:7            Lair (1/6) D:8
  Sewer (visited)
    Orc: D:9-12

Altars:
Ashenzari
Hepliaklqana
Kikubaaqudgha
Makhleb
Ru
Sif Muna
Vehumet
The Shining One

Shops:
D:6 (*

Annotations:
D:4 2 runed translucent doors
Lair:1 exclusions: hydra, oklob plant and 1 more exclusion


Innate Abilities, Weirdness & Mutations

You cannot wear most types of armour.
You are amphibious.
You can wear up to eight rings at the same time.
Your skin changes colour to match your surroundings (Stealth+).
Your rubbery body absorbs attacks. (AC +1, EV +1)
((You are camouflaged when in or above water. (Stealth+)))
You have tentacles for arms and can constrict up to eight enemies at once.


Message History

Your wolf bites the eight-headed hydra!
Your dryad hits the eight-headed hydra.
The eight-headed hydra closely misses you.
The eight-headed hydra barely misses you.
The eight-headed hydra bites you! The eight-headed hydra bites you. x2
The eight-headed hydra bites you! The eight-headed hydra bites you.
The eight-headed hydra closely misses you.
Your wolf bites the eight-headed hydra!
Your dryad hits the eight-headed hydra.
Your wolf bites the eight-headed hydra.
The eight-headed hydra bites your wolf.
The eight-headed hydra closely misses your wolf.
The eight-headed hydra bites your wolf. The eight-headed hydra bites your wolf!
The eight-headed hydra closely misses your wolf.
The eight-headed hydra bites your wolf!
Your wolf dies!
Your wolf's corpse disappears in a puff of smoke!
The eight-headed hydra bites your dryad! x2
Your dryad calls out to the forest.
The forest starts to sway and rumble!
The eight-headed hydra closely misses your dryad.
The eight-headed hydra bites your dryad.
The eight-headed hydra bites your dryad!
The eight-headed hydra bites your dryad.
The eight-headed hydra bites your dryad!
The eight-headed hydra completely misses your dryad.
The eight-headed hydra bites your dryad!
Your dryad dies!
Your dryad's corpse disappears in a puff of smoke!
The forest abruptly stops moving.
Casting: Call Canine Familiar (safe; 1% risk of failure)
Confirm with . or Enter, or press ? or * to list all spells.
The eight-headed hydra bites your wolf.
The eight-headed hydra bites your wolf! x2
Your wolf dies!
Your wolf's corpse disappears in a puff of smoke!
Casting: Call Canine Familiar (safe; 1% risk of failure)
Confirm with . or Enter, or press ? or * to list all spells.
Okay, then.
Space becomes stable.
The eight-headed hydra bites you!
* * * LOW HITPOINT WARNING * * *
The eight-headed hydra bites you!
You die...

...# ♣###.........>..♣..♣ ,
...###.##.....##...##...♣## *.
............####...##>..÷.##..
.##♣###.####.#......#..†.......
## ###. .........÷.....#...
#...#......#......♣*#. .
#...#÷.....#...=.#.#*, .
#.......D.#.......## .#
##*###..#...@.......#.## ##*
#P##P.. #....###....#... ,
..###>....# #.#.## ##...#....
#...#.....# ##..# ###.# ....
#.#......###...# ## ,#.# *
#......#.##..### , *
#......#.......## * ,
##......#.#......#
#......P#.##.....#


You could see an eight-headed hydra.

Vanquished Creatures
  A hydra (Lair:1)
  A cyclops (D:8)
  3 cane toads (Lair:1)
  Maggie (D:7)
  2 komodo dragons (Lair:1)
  9 yaks
  2 wyverns (D:9)
  A steam dragon (D:8)
  4 water moccasins
  A hornet zombie (D:5)
  An orc warrior (D:8)
  A sky beast (D:5)
  A black bear (D:5)
  An ice beast (D:6)
  3 necrophages
  3 ogres
  6 wolves (Lair:1)
  2 phantoms
  10 bullfrogs
  2 scorpions
  A water moccasin skeleton (D:4)
  5 killer bees (D:8)
  2 howler monkeys (D:7)
  2 bullfrog zombies
  3 bullfrog skeletons
  A hound (D:4)
  5 jellies
  5 orc priests
  An iguana (D:5)
  Terence (D:3)
  2 orc wizards
  A howler monkey zombie (D:8)
  A gnoll (D:1)
  3 adders
  3 river rats (Sewer)
  A shadow imp (D:8)
  2 white imps
  2 adder skeletons
  2 worms
  A dart slug (D:3)
  24 orcs
  7 ball pythons
  5 bats
  14 endoplasms
  7 giant cockroaches
  6 goblins
  4 hobgoblins
  9 jackals
  4 quokkas
  3 training dummies (D:6)
  6 frilled lizards
  4 kobolds
  10 rats
202 creatures vanquished.

Vanquished Creatures (collateral kills)
  A blink frog (Lair:1)
  A yak (Lair:1)
  A sky beast (D:8)
  An ogre (D:6)
  4 wolves (Lair:1)
  2 bullfrogs (Lair:1)
  An orc wizard (D:5)
  An orc (D:6)
12 creatures vanquished.

Vanquished Creatures (others)
  287 foxfires
  8 fungi (Lair:1)
  14 plants (Lair:1)
309 creatures vanquished.

Grand Total: 523 creatures vanquished

Notes
Turn   | Place    | Note
-------+----------+-------------------------------------------
     0 | D:1      | enile the Octopode Fire Elementalist began the quest for
                  | the Orb.
     0 | D:1      | Reached XP level 1. HP: 11/11 MP: 3/3
   129 | D:1      | Reached skill level 1 in Fighting
   281 | D:1      | Found a faded altar of an unknown god.
   288 | D:1      | Reached XP level 2. HP: 18/18 MP: 0/5
   296 | D:1      | Prayed at the altar of an unknown god.
   296 | D:1      | Became a worshipper of Ashenzari the Shackled
   562 | D:1      | Reached skill level 2 in Fighting
   711 | D:1      | Learned a level 2 spell: Scorch
  1060 | D:1      | Reached XP level 3. HP: 15/25 MP: 3/6
  1274 | D:2      | Found a hazy altar of Hepliaklqana.
  2083 | D:2      | Reached XP level 4. HP: 29/31 MP: 1/8
  2803 | D:3      | Found a glowing drain.
  2813 | Sewer    | Entered a sewer
  2896 | Sewer    | Reached XP level 5. HP: 36/36 MP: 2/10
  3410 | Sewer    | Found a viscous altar of Jiyva.
  3464 | Sewer    | Reached XP level 6. HP: 42/42 MP: 12/12
  3660 | D:3      | Reached skill level 3 in Fighting
  4097 | D:3      | Learned a level 3 spell: Inner Flame
  4108 | D:3      | Noticed Terence
  4176 | D:3      | Reached skill level 4 in Fighting
  4331 | D:3      | Killed Terence
  4894 | D:4      | Found a large runed translucent door.
  4896 | D:4      | Found a large runed translucent door.
  5035 | D:4      | Reached XP level 7. HP: 43/50 MP: 5/13
  5388 | D:4      | Reached skill level 5 in Fire Magic
  6030 | D:5      | Entered Level 5 of the Dungeon
  6121 | D:5      | Reached XP level 8. HP: 55/55 MP: 5/15
  6262 | D:5      | Reached skill level 5 in Fighting
  6505 | D:5      | Reached * piety under Ashenzari
  6523 | D:5      | Learned a level 3 spell: Call Canine Familiar
  6690 | D:5      | Reached skill level 1 in Summonings
  7403 | D:6      | Identified the ring "Ozex" {rF+ rCorr Int+6}
  7449 | D:6      | Found Mobahaum's General Store.
  7455 | D:6      | Bought a scroll of teleportation for 30 gold pieces
  7455 | D:6      | Bought a potion of curing for 30 gold pieces
  7484 | D:6      | Reached skill level 5 in Dodging
  7637 | D:6      | Reached XP level 9. HP: 62/62 MP: 10/17
  7753 | D:6      | Found Waptag's Firing Range.
  7868 | D:6      | Found a shimmering blue altar of Sif Muna.
  8146 | D:6      | Found an ancient bone altar of Kikubaaqudgha.
  8146 | D:6      | Found a radiant altar of Vehumet.
  8656 | D:7      | Found a staircase to the Ecumenical Temple.
  8739 | D:7      | Noticed Maggie
  9037 | D:7      | Reached skill level 5 in Summonings
  9037 | D:7      | Reached skill level 5 in Spellcasting
  9332 | D:7      | Found a sacrificial altar of Ru.
  9416 | D:7      | Killed Maggie
 10035 | D:8      | Reached skill level 6 in Fighting
 10290 | D:8      | Found a glowing golden altar of the Shining One.
 10569 | D:8      | Found a burning altar of Makhleb.
 10636 | D:8      | Found a staircase to the Lair.
 10689 | D:8      | Noticed a cyclops
 10700 | D:8      | Killed a cyclops
 10701 | D:8      | Reached skill level 7 in Fighting
 10701 | D:8      | Reached XP level 10. HP: 73/73 MP: 14/20
 11054 | D:8      | Reached skill level 8 in Fighting
 11094 | D:8      | Learned a level 6 spell: Statue Form
 11208 | D:8      | Reached ** piety under Ashenzari
 11385 | D:8      | Reached skill level 1 in Transmutations
 11784 | D:9      | Reached skill level 5 in Transmutations
 12042 | Lair:1   | Entered Level 1 of the Lair of Beasts
 12368 | Lair:1   | Noticed a four-headed hydra
 12476 | Lair:1   | Reached XP level 11. HP: 59/80 MP: 2/22
 12827 | Lair:1   | Killed a four-headed hydra
 13014 | Lair:1   | Noticed an oklob plant
 13254 | Lair:1   | Learned a level 5 spell: Summon Forest
 13441 | Lair:1   | Reached skill level 1 in Unarmed Combat
 13686 | Lair:1   | Noticed an eight-headed hydra
 13701 | Lair:1   | Slain by an eight-headed hydra

Illustrated notes

Levels and vault maps discovered:
D:1:      minmay_arrival_loop, layout_basic, basic_ecumenical_altar
D:2:      minmay_alternating_diamond, layout_basic, basic_altar, st_stairs_7,
          serial_park_tiny_2, kennysheep_cross_bottleneck
D:3:      layout_loops_corners, portal_sewer_entry_a, st_stairs_12, uniq_terence
D:4:      layout_basic, jmf_multi_god_temple2, st_stairs_4
D:5:      layout_basic
D:6:      layout_loops_ring, kennysheep_mini_moat,
          gammafunk_temple_overflow_statue, serial_shops, shop,
          chequers_serial_rivers_small_3, nicolae_shop_firing_range
D:7:      layout_loops_ring, nicolae_ru_sacrificial_ziggurat,
          minmay_temple_entry_statues_fountains, eino_curves_02, uniq_maggie
D:8:      layout_basic, tso_metal_star, mainiacjoe_overflow_alcove_2,
          lair_entry_dummy, nicolae_water_bricks
D:9:      cheibrodos_helix_gallery, layout_rooms, mainiacjoe_overflow_24_doors,
          zombieorc1_lemuel
Lair:1:   layout_misc_corridors, minmay_shattered_shrine

Skill      XL: |  1  2  3  4  5  6  7  8  9 10 11 |
---------------+----------------------------------+-----
Fighting       | 1 2 4 5 7 8 |  8.2
Stealth        | 3 4 |  4.3
Spellcasting   | 3 4 6 7 |  7.7
Fire Magic     | 4 5 |  5.6
Dodging        | 3 5 6 |  6.3
Summonings     | 3 5 |  5.8
Transmutations | 7 |  7.8
Unarmed Combat | 3 |  3.2
Conjurations   | |  1.0

Action                   |  1- 3 |  4- 6 |  7- 9 | 10-12 || total
-------------------------+-------+-------+-------+-------++-------
Melee: Whip              |    10 |       |       |       ||    10
       Dagger            |    20 |    22 |    80 |    43 ||   165
       Constrict         |     9 |     4 |    12 |    10 ||    35
       Tentacles         |     6 |     4 |    20 |    13 ||    43
       Punch             |       |       |     2 |     2 ||     4
 Cast: Foxfire           |    39 |    86 |    43 |     7 ||   175
       Scorch            |    13 |    22 |    70 |    38 ||   143
       Inner Flame       |       |     1 |    17 |    17 ||    35
       Call Canine Famil |       |       |    11 |    21 ||    32
       Summon Forest     |       |       |       |     4 ||     4
       Statue Form       |       |       |       |     1 ||     1
Invok: Curse Item        |     1 |       |     2 |     2 ||     5
  Use: Scroll            |       |     8 |     3 |     3 ||    14
       Potion            |       |     1 |     6 |     2 ||     9
 Stab: Sleeping          |       |     7 |     3 |       ||    10
Armor: Skin              |     6 |     9 |    73 |    24 ||   112
Dodge: Dodged            |    24 |    24 |    81 |   107 ||   236
